 Dungeon Crawl Stone Soup version 0.27.1-37-g7b29ead8ac (webtiles) character file.

Game seed: 11594189729374851741

17198 thriggle the Thaumaturge (level 12, -3/84 HPs)
             Began as a Djinni Ice Elementalist on Sept 16, 2021.
             Was the Champion of Lugonu.
             Slain by a skeletal warrior (22 damage)
             ... led by a skeletal warrior
             ... on level 11 of the Dungeon on Dec 18, 2023.
             The game lasted 01:15:38 (14669 turns).

thriggle the Thaumaturge (Djinni Ice Elementalist) Turns: 14669, Time: 01:15:38

Health: -3/84      AC: 11    Str:  9    XL:     12   Next: 79%
Gold:   136        EV: 16    Int: 18    God:    Lugonu [******] SH:  0 Dex: 16

rFire    + + +     SeeInvis +   R - +1 lajatang (flame)
rCold    . . .     Faith    .   (shield currently unavailable)
rNeg     . . .     Spirit   .   p - +2 robe {rC+}
rPois    ∞         Reflect  .   j - +2 helmet
rElec    .         Harm     .   v - +1 cloak
rCorr    .         Rampage  .   K - +2 pair of gloves
Will     ++...                  (boots unavailable)
Stlth    +++.......             N - amulet of regeneration
HPRegen  1.24/turn              d - ring of see invisible
MPRegen  0.00/turn              l - ring of protection from fire

@: about to teleport, flying
A: sickness immunity, fire resistance 2, cold vulnerability 1, float, innate
caster, hp casting, extra vitality 1, deformed body, strong-willed 1, sturdy
frame 1
a: Renounce Religion, Depart the Abyss, Bend Space, Banish, Corrupt, Enter the
Abyss, Brand Weapon With Distortion


You were on level 11 of the Dungeon.
You worshipped Lugonu.
Lugonu was exalted by your worship.
You visited 2 branches of the dungeon, and saw 12 of its levels.

You collected 621 gold pieces.
You spent 485 gold pieces at shops.

Inventory:

Hand Weapons
 f - a +6 club
 q - a +1 spectral club
 w - a +4 quarterstaff of chaos
 J - a +4 great sword
 R - a +1 lajatang of flaming (weapon)
 V - a +1 demon trident of venom
Missiles
 a - 6 boomerangs of dispersal
 e - 309 stones
 t - a throwing net
 A - 5 javelins
 D - 39 poisoned darts (quivered)
 L - 9 curare-tipped darts
 U - 2 boomerangs
 W - 7 silver javelins
Armour
 g - a +2 robe of willpower
 j - a +2 helmet (worn)
 p - a +2 robe of cold resistance (worn)
 r - +0 acid dragon scales
 v - a +1 cloak (worn)
 x - a +1 hat
 I - the +2 robe of Xom's Esteem {rCorr}
   (You found it on level 6 of the Dungeon)

   rCorr:     It protects you from acid and corrosion.
 K - a +2 pair of gloves (worn)
 T - a +2 buckler
Magical Staves
 i - a staff of air
Jewellery
 d - a ring of see invisible (left hand)
 h - an amulet of the acrobat
 l - a ring of protection from fire (right hand)
 y - an amulet of reflection
 N - an amulet of regeneration (around neck)
 Y - an amulet of faith
Wands
 m - a wand of flame (42)
 z - a wand of mindburst (6)
 B - a wand of polymorph (6)
 G - a wand of acid (10)
 O - a wand of iceblast (11)
Scrolls
 b - 5 scrolls of amnesia
 C - a scroll of fog
 F - a scroll of noise
 P - 3 scrolls of torment
 Q - 2 scrolls of teleportation
Potions
 c - 2 potions of mutation
 n - 6 potions of curing
 o - 2 potions of resistance {unknown}
 s - 2 potions of might {unknown}
 u - 2 potions of magic
 H - 3 potions of brilliance {unknown}
 M - a potion of ambrosia {unknown}
 S - 3 potions of invisibility {unknown}
 X - a potion of heal wounds


   Skills:
 + Level 6.7 Fighting
 + Level 3.9 Long Blades
 + Level 5.7 Staves
 - Level 2.1 Armour
 + Level 7.7 Dodging
 + Level 6.3 Stealth
 - Level 5.4 Shields
 * Level 8.2 Spellcasting
 + Level 6.5 Invocations
 + Level 5.8 Evocations


You had 3 spell levels left.
You knew the following spells:

 Your Spells              Type           Power      Damage    Failure   Level
a - Freeze                Ice            100%       1d11      1%          1
b - Frozen Ramparts       Ice            74%        1d9       1%          3
c - Ozocubu's Armour      Ice            37%        N/A       1%          3
d - Hailstorm             Conj/Ice       37%        3d9       3%          4
e - Sting                 Tmut/Pois      100%       1d8       1%          1
f - Blink                 Tloc           N/A        N/A       1%          2
g - Inner Flame           Hex/Fire       37%        N/A       1%          3
h - Mephitic Cloud        Conj/Pois/Air  37%        N/A       1%          3
i - Ice Form              Ice/Tmut       37%        N/A       3%          4
Your spell library was empty.

Dungeon Overview and Level Annotations

Branches:
Dungeon (11/15)            Temple (1/1) D:6            Lair (0/6) D:11
    Orc: D:9-12

Altars:
Ashenzari
Cheibriados
Dithmenos
Elyvilon
Fedhas
Gozag
Hepliaklqana
Kikubaaqudgha
Makhleb
Nemelex Xobeh
Okawaru
Qazlal
Ru
Sif Muna
Trog
Uskayaw
Vehumet
Wu Jian
Xom
Yredelemnul
Zin
The Shining One
Beogh
Lugonu

Shops:
D:1 [*   D:2 [   D:4 (   D:9 (([(   D:10 !

Annotations:
D:7 2 transporters


Innate Abilities, Weirdness & Mutations

You are immune to sickness and miasma.
You are immune to poison.
Your flesh is very heat resistant. (rF++)
You are vulnerable to cold. (rC-)
You float through the air rather than walking.
You learn spells naturally, not from books.
Your magical power is your life essence.
You have superior vitality. (+4 HP)
Armour fits poorly on your strangely shaped body.
You are strong-willed. (Will+)
Your movements are slightly less encumbered by armour. (ER -2)


Message History

The skeletal warrior is moderately damaged.
The skeletal warrior resists.
The wall freezes the skeletal warrior.
The skeletal warrior hits you but does no damage.
You are electrocuted!!
The skeletal warrior resists.
The wall freezes the skeletal warrior.
The skeletal warrior hits you but does no damage.
Casting: Hailstorm (dangerous; 3% risk of failure)
Confirm with . or Enter, or press ? or * to list all spells.
Casting: Hailstorm (dangerous; 3% risk of failure)
Press: ? - help, Dir - look around, f - activate A cannonade of hail descends around you!
The hail pelts the skeletal warrior.
The skeletal warrior partially resists.
The skeletal warrior is heavily damaged.
The skeletal warrior resists.
The wall freezes the skeletal warrior.
The skeletal warrior hits you with a +6 long sword of electrocution.
The skeletal warrior resists.
The wall freezes the skeletal warrior.
The skeletal warrior hits you from afar with a +0 trident!
Casting: Hailstorm (dangerous; 3% risk of failure)
Confirm with . or Enter, or press ? or * to list all spells.
Casting: Hailstorm (dangerous; 3% risk of failure)
Press: ? - help, Dir - look around, f - activate A cannonade of hail descends around you!
The hail pelts the skeletal warrior but does no damage.
The skeletal warrior is heavily damaged.
The frozen ramparts melt away.
The skeletal warrior barely misses you.
The skeletal warrior hits you from afar with a +0 trident!
* * * LOW HITPOINT WARNING * * *
As you read the scroll of teleportation, it crumbles to dust.
You feel strangely unstable. The skeletal warrior barely misses you.
The skeletal warrior hits you but does no damage.
Your icy armour will break if you move.
Continue?
Your icy armour cracks and falls away as you move.
Space bends sharply around you!
The skeletal warrior blinks!
You blink.
The skeletal warrior hits you from afar with a +0 trident.
* * * LOW HITPOINT WARNING * * *
You hit the skeletal warrior but do no damage.
The skeletal warrior is lightly damaged.
The skeletal warrior misses you.
The skeletal warrior hits you from afar with a +0 trident!!
You die...

#.# #.##.###
#......# ###
#####.#.# ...
..##.#.#
.##.###.##.#§#
.........#†#§#
......≈..#.#z#
≈≈..≈.;..#.#.#
≈≈.≈≈≈(....z@#
≈.≈h≈≈...#.###
.≈≈≈≈≈≈..#†#
z≈≈≈≈≈≈..#.# h
.....z...#.# h.
.;≈≈≈;........#
≈.
≈≈≈≈..)..#..###
.≈≈≈≈≈≈≈≈≈≈..#..#
≈≈≈≈≈≈≈≈≈≈.. ...#


You could see 2 skeletal warriors and an electric eel.

Vanquished Creatures
  Josephine (D:11)
  Harold (D:7)
  A boulder beetle (D:11)
  A hydra (D:11)
  2 two-headed ogres
  Urug (D:10)
  2 gargoyles (D:11)
  Psyche (D:9)
  A kobold demonologist (D:7)
  3 trolls (D:11)
  Prince Ribbit (D:6)
  2 shadows (D:11)
  Sigmund (D:2)
  5 wraiths
  A water elemental (D:11)
  22 yaks
  Menkaure (D:6)
  An acid dragon (D:6)
  2 water moccasins
  8 orc warriors
  Duvessa (D:6)
  A sky beast (D:8)
  3 ogres
  2 black bears
  4 ice beasts
  5 centaurs
  2 wolves (D:11)
  3 phantoms
  4 bullfrogs
  4 kobold brigands
  Blork the orc (D:6)
  2 scorpions
  2 gnoll sergeants (D:10)
  Dowan (D:6)
  9 wights
  6 killer bees
  9 hounds
  4 centaur zombies
  2 jellies (D:6)
  Crazy Yiuf (D:2)
  8 orc priests
  2 gnoll shamans
  Jessica (D:2)
  4 iguanas
  Natasha (thrice) (D:3)
  12 orc wizards
  2 killer bee zombies
  A howler monkey zombie (D:6)
  Robin (D:3)
  15 gnolls
  6 adders
  2 white imps
  An ufetubus (D:4)
  An adder skeleton (D:5)
  4 dart slugs
  4 worms
  43 orcs
  18 ball pythons
  7 bats
  8 endoplasms
  2 giant cockroaches
  14 goblins
  12 hobgoblins
  5 jackals
  7 quokkas
  4 frilled lizards
  19 kobolds
  6 rats
336 creatures vanquished.

Vanquished Creatures (collateral kills)
  A wight (D:6)
  A hound (D:6)
  An orc (D:4)
3 creatures vanquished.

Vanquished Creatures (others)
  A wight (D:6)
  An orc wizard (D:5)
  A plant (D:9)
3 creatures vanquished.

Grand Total: 342 creatures vanquished

Notes
Turn   | Place    | Note
-------+----------+-------------------------------------------
     0 | D:1      | thriggle the Djinni Ice Elementalist began the quest for
                  | the Orb.
     0 | D:1      | Reached XP level 1. HP: 15/15 MP: 0/0
   348 | D:1      | Reached XP level 2. HP: 18/21 MP: 0/0
   485 | D:1      | You are sucked into a shaft and drop 1 floor!
   629 | D:2      | Reached XP level 3. HP: 19/26 MP: 0/0
   629 | D:2      | Learned a level 1 spell: Sting
  1363 | D:1      | Reached skill level 1 in Shields
  1442 | D:1      | Found Laenoiwn's Antique Armour Boutique.
  1460 | D:1      | Found Gokufin's General Store.
  1496 | D:1      | Reached XP level 4. HP: 30/31 MP: 0/0
  1595 | D:1      | Found a faded altar of an unknown god.
  1601 | D:1      | Became a worshipper of Lugonu the Unformed
  1601 | D:1      | Reached * piety under Lugonu
  1601 | D:1      | Reached ** piety under Lugonu
  1726 | D:1      | Reached skill level 1 in Fighting
  2480 | D:2      | Found Ratoyvue's Antique Armour Boutique.
  2648 | D:2      | Noticed Jessica
  2672 | D:2      | Killed Jessica
  2673 | D:2      | Reached skill level 1 in Long Blades
  2673 | D:2      | Reached skill level 1 in Armour
  2673 | D:2      | Reached XP level 5. HP: 30/37 MP: 0/0
  2673 | D:2      | Learned a level 2 spell: Blink
  2940 | D:1      | Bought a scroll of identify for 28 gold pieces
  3062 | D:2      | Noticed Sigmund
  3079 | D:2      | Killed Sigmund
  3080 | D:2      | Reached skill level 1 in Invocations
  3080 | D:2      | Reached XP level 6. HP: 31/43 MP: 0/0
  3218 | D:2      | Reached *** piety under Lugonu
  3219 | D:2      | Reached skill level 4 in Spellcasting
  3626 | D:2      | Found a runed translucent door.
  3627 | D:2      | Noticed Crazy Yiuf
  3649 | D:2      | Killed Crazy Yiuf
  3831 | D:3      | Reached XP level 7. HP: 24/49 MP: 0/0
  3831 | D:3      | Learned a level 3 spell: Inner Flame
  4289 | D:3      | Noticed Natasha
  4300 | D:2      | Upgraded the game from 0.27.1-1-g398f81649c to
                  | 0.27.1-35-g4d5d836560
  4372 | D:3      | Noticed Robin
  4380 | D:3      | Killed Robin
  4464 | D:3      | Killed Natasha
  4558 | D:3      | Noticed Natasha
  4691 | D:3      | Killed Natasha
  4699 | D:3      | Noticed Natasha
  4707 | D:3      | Killed Natasha
  5180 | D:4      | Found a basalt altar of Yredelemnul.
  5215 | D:4      | Reached **** piety under Lugonu
  5217 | D:4      | Reached skill level 1 in Staves
  5314 | D:4      | Reached XP level 8. HP: 46/55 MP: 0/0
  5597 | D:4      | Found Iratehad's Weapon Shop.
  5613 | D:4      | Found a blossoming altar of Fedhas.
  5693 | D:5      | Entered Level 5 of the Dungeon
  6560 | D:5      | Found a burning altar of Makhleb.
  6694 | D:5      | Reached skill level 5 in Spellcasting
  7147 | D:6      | Identified the +2 robe of Xom's Esteem {rCorr}
  7181 | D:6      | Reached skill level 1 in Evocations
  7181 | D:6      | Reached XP level 9. HP: 58/61 MP: 0/0
  7181 | D:6      | Learned a level 3 spell: Mephitic Cloud
  7409 | D:6      | Found a staircase to the Ecumenical Temple.
  7411 | D:6      | Noticed Duvessa
  7427 | D:6      | Noticed Menkaure
  7436 | D:6      | Killed Menkaure
  7536 | D:6      | Noticed Dowan
  7542 | D:6      | Noticed Blork the orc
  7545 | Temple   | Entered the Ecumenical Temple
  8077 | D:6      | Killed Dowan
  8086 | D:6      | HP: 3/62 [phantom (7)]
  8249 | D:6      | Reached skill level 5 in Dodging
  8266 | D:6      | Noticed Prince Ribbit
  8272 | D:6      | Killed Prince Ribbit
  8648 | D:6      | Killed Duvessa
  8664 | D:6      | Reached XP level 10. HP: 46/68 MP: 0/0
  8777 | D:6      | Killed Blork the orc
  9170 | D:7      | Found a transporter.
  9171 | D:7      | Found a transporter.
  9225 | D:7      | Noticed Harold
  9273 | D:7      | Killed Harold
  9274 | D:7      | Reached skill level 6 in Spellcasting
  9589 | D:7      | Noticed a kobold demonologist
  9910 | D:7      | Killed a kobold demonologist
  9910 | D:7      | Reached ***** piety under Lugonu
 10638 | D:8      | Reached skill level 5 in Fighting
 10880 | D:8      | Reached skill level 5 in Shields
 11021 | D:8      | Reached skill level 5 in Stealth
 11021 | D:8      | Reached XP level 11. HP: 29/75 MP: 0/0
 11021 | D:8      | Learned a level 4 spell: Ice Form
 11435 | D:8      | Noticed a two-headed ogre
 11448 | D:8      | Reached skill level 5 in Invocations
 11459 | D:8      | Killed a two-headed ogre
 11843 | D:9      | Found Wulor's Hydra Hut.
 11844 | D:9      | Noticed a seven-headed hydra
 11847 | D:9      | Bought a +0 lajatang of flaming for 377 gold pieces
 11865 | D:9      | Found Aschag's Armour Shoppe.
 12067 | D:9      | Reached skill level 7 in Spellcasting
 12555 | D:9      | Found Egann's Weapon Shop.
 13053 | D:9      | Noticed Psyche
 13057 | D:9      | Killed Psyche
 13063 | D:9      | Found Julaqil's Antique Weapon Shoppe.
 13112 | D:10     | Entered Level 10 of the Dungeon
 13231 | D:10     | Found Nofetsil's Distillery.
 13232 | D:10     | Upgraded the game from 0.27.1-35-g4d5d836560 to
                  | 0.27.1-37-g7b29ead8ac
 13258 | D:10     | Noticed Urug
 13290 | D:10     | Killed Urug
 13302 | D:10     | Bought a potion of heal wounds for 80 gold pieces
 13402 | D:10     | Gained mutation: Armour fits poorly on your strangely
                  | shaped body. [potion of mutation]
 13402 | D:10     | Gained mutation: Your movements are slightly less
                  | encumbered by armour. (ER -2) [potion of mutation]
 13402 | D:10     | Gained mutation: You are strong-willed. (Will+) [potion of
                  | mutation]
 13652 | D:10     | Reached skill level 5 in Evocations
 13753 | D:10     | Found a sparkling altar of Nemelex Xobeh.
 13785 | D:10     | Found a hazy altar of Hepliaklqana.
 13787 | D:10     | Found an ornate altar of the Wu Jian Council.
 13790 | D:10     | Found a sacrificial altar of Ru.
 13913 | D:10     | Reached ****** piety under Lugonu
 13952 | D:10     | Noticed a two-headed ogre
 13960 | D:10     | Killed a two-headed ogre
 13961 | D:10     | Reached skill level 5 in Staves
 13961 | D:10     | Reached XP level 12. HP: 23/83 MP: 0/0
 14103 | D:11     | Found a staircase to the Lair.
 14219 | D:11     | Noticed Josephine
 14220 | D:11     | Noticed a five-headed hydra
 14375 | D:11     | Killed Josephine
 14475 | D:11     | Noticed a boulder beetle
 14492 | D:11     | Killed a boulder beetle
 14493 | D:11     | Reached skill level 8 in Spellcasting
 14645 | D:11     | Noticed a skeletal warrior
 14645 | D:11     | Noticed a skeletal warrior
 14646 | D:11     | Noticed a skeletal warrior
 14662 | D:11     | Killed a one-headed hydra
 14669 | D:11     | Slain by a skeletal warrior

Illustrated notes

Levels and vault maps discovered:
D:1:      onia_arrival_mini_maze, layout_basic, ebering_ecumenical_altar_webs,
          serial_shops, shop, nicolae_lakefront_shop, minmay_vboxes
D:2:      minmay_spotlight, layout_basic, serial_shops,
          nicolae_shop_statue_plus, minmay_pentomino_pile, uniq_sigmund,
          uniq_crazy_yiuf_cottage, uniq_jessica
D:3:      layout_basic, uniq_robin, uniq_natasha
D:4:      layout_basic, mainiacjoe_overflow_24_doors,
          mainiacjoe_overflow_six_doors_small, serial_shops,
          nicolae_shop_behind_doors
D:5:      layout_basic, mainiacjoe_overflow_cross_hatched
D:6:      minmay_cornered_nines, layout_rooms, minmay_temple_entry_slanted,
          amcnicky_mini_corridor_feature, uniq_prince_ribbit1, uniq_duvessa,
          uniq_blork_the_orc, uniq_menkaure
D:7:      gammafunk_beogh_shrine, layout_loops_ring, uniq_harold
D:8:      layout_basic, nicolae_wwwww, minmay_misc_feat_x,
          kennysheep_opposing_triangles
D:9:      layout_loops_ring, serial_shops, shop, nicolae_shop_crystal,
          nicolae_shop_window_shopping, hangedman_decor_push,
          doesnt_shop_hydraphobe, uniq_psyche
D:10:     layout_cave_pools, grunt_temple_overflow_open,
          nemelex_spade_bored_becter, serial_gnoll_camp, gnoll_camp_mini_basic,
          gnoll_camp_mini_hut, gnoll_camp_mini_house, gnoll_camp_mini_shop,
          uniq_urug
D:11:     layout_basic, erik_lair_island, uniq_josephine
Temple:   regret_index_temple_generic_petals

Skill      XL: |  1  2  3  4  5  6  7  8  9 10 11 12 |
---------------+-------------------------------------+-----
Shields        | 1 2 3 4 5 |  5.4
Fighting       | 1 2 3 4 5 6 |  6.7
Stealth        | 2 3 4 5 6 |  6.3
Long Blades    | 1 2 3 |  3.9
Armour         | 1 2 |  2.1
Dodging        | 3 4 5 6 7 |  7.7
Invocations    | 1 2 3 4 5 6 |  6.5
Spellcasting   | 4 5 6 7 8 |  8.2
Staves         | 1 2 3 4 5 |  5.7
Evocations     | 1 2 3 5 |  5.8

Action                   |  1- 3 |  4- 6 |  7- 9 | 10-12 || total
-------------------------+-------+-------+-------+-------++-------
Melee: Club              |       |    15 |       |       ||    15
       Quarterstaff      |       |    11 |   159 |   160 ||   330
       Lajatang          |       |       |       |   307 ||   307
Throw: Stone             |       |     3 |     1 |       ||     4
       Dart              |       |       |       |    31 ||    31
       Javelin           |       |       |       |     1 ||     1
       Boomerang         |       |       |       |     4 ||     4
       Throwing net      |       |       |       |     1 ||     1
 Cast: Freeze            |    38 |    23 |    11 |       ||    72
       Sting             |    10 |    42 |    36 |    19 ||   107
       Frozen Ramparts   |       |     3 |    18 |    36 ||    57
       Ozocubu's Armour  |       |     2 |    19 |    19 ||    40
       Inner Flame       |       |       |     1 |       ||     1
       Mephitic Cloud    |       |       |     1 |    35 ||    36
       Ice Form          |       |       |       |     2 ||     2
       Hailstorm         |       |       |       |     7 ||     7
Invok: Bend Space        |       |       |     1 |     1 ||     2
Evoke: Wand              |       |       |    12 |     5 ||    17
  Use: Scroll            |       |     1 |     9 |    13 ||    23
       Potion            |       |       |     4 |     1 ||     5
 Stab: Sleeping          |       |     1 |     4 |     8 ||    13
       Petrified         |       |       |     2 |       ||     2
       Petrifying        |       |       |     1 |       ||     1
       Confused          |       |       |       |    24 ||    24
       Distracted        |       |       |       |     1 ||     1
Armor: Robe              |     4 |     9 |    84 |   164 ||   261
Dodge: Dodged            |    23 |    33 |   231 |   424 ||   711
Block: Other             |       |       |       |    45 ||    45
       Reflection        |       |       |       |     6 ||     6
